 Dungeon Crawl Stone Soup version 0.27-a0-887-gcab673c142 (webtiles) character file.

Game seed: 4640040829959077108

53 spiderkeys the Insei (level 3, -4/23 HPs)
             Began as an Octopode Transmuter on Apr 4, 2021.
             Slain by a gnoll
             ... wielding a +3 whip
              (6 damage)
             ... on level 1 of the Dungeon.
             The game lasted 00:02:59 (1692 turns).

spiderkeys the Insei (Octopode Transmuter)          Turns: 1692, Time: 00:02:59

Health: -4/23      AC:  1    Str:  9    XL:     3   Next: 89%
Magic:  6/6        EV: 13    Int: 16    God:
Gold:   70         SH:  0    Dex: 12    Spells: 5/6 levels left

rFire    . . .     SeeInvis .     - Unarmed
rCold    . . .     Faith    .   (no shield)
rNeg     . . .     Spirit   .   (helmet restricted)
rPois    .         Reflect  .   a - amulet of the acrobat
rElec    .         Harm     .   (no ring)
rCorr    .         Rampage  .   (no ring)
Will     .....                  (no ring)
Stlth    +++.......             (no ring)
HPRegen  0.07/turn              (no ring)
MPRegen  0.10/turn              (no ring)
                                (no ring)
                                (no ring)

@: no status effects
A: almost no armour, amphibious, 8 rings, camouflage 1, gelatinous body 1,
(nimble swimmer 1), tentacles
a: no special abilities


You were on level 1 of the Dungeon.
You visited 1 branch of the dungeon, and saw 2 of its levels.

You collected 70 gold pieces.

Inventory:

Jewellery
 a - an amulet of the acrobat (around mantle)
Scrolls
 c - 3 scrolls of acquirement {unknown}
 d - a scroll of identify {unknown}
 e - a scroll of fear {unknown}
Potions
 b - a potion of curing
 f - a potion of resistance {unknown}


   Skills:
 + Level 1.6 Fighting
 + Level 2.3 Dodging
 + Level 1.8 Stealth
 + Level 3.4 Unarmed Combat
 + Level 2.3 Spellcasting
 + Level 2.3 Transmutations


You had 5 spell levels left.
You knew the following spells:

 Your Spells              Type           Power      Damage    Failure   Level
a - Beastly Appendage     Tmut           18%        N/A       8%          1

Your spell library contained the following spells:

 Spells                   Type           Power      Damage    Failure   Level
 Wereblood                Tmut           9%         N/A       12%         2
 Animate Skeleton         Necr           2%         N/A       21%         1
 Apportation              Tloc           2%         N/A       21%         1
 Corona                   Hex            1%         N/A       21%         1
 Summon Small Mammal      Summ           4%         N/A       21%         1
 Spider Form              Tmut/Pois      2%         N/A       36%         3
 Ice Form                 Ice/Tmut       5%         N/A       77%         4
 Hydra Form               Tmut           4%         N/A       91%         5


Dungeon Overview and Level Annotations

Branches:
Dungeon (2/15)

Altars:


Innate Abilities, Weirdness & Mutations

You cannot wear most types of armour.
You are amphibious.
You can wear up to eight rings at the same time.
Your skin changes colour to match your surroundings (Stealth+).
Your rubbery body absorbs attacks. (AC +1, EV +1)
((You are camouflaged near water. (Stealth+)))
You have tentacles for arms and can constrict up to eight enemies at once.


Message History

You squeeze the gnoll!
You kill the gnoll!
You tentacle-slap the gnoll. You grab the gnoll.
The gnoll is moderately wounded.
You constrict the gnoll. The gnoll closely misses you.
You tentacle-slap the gnoll.
The gnoll is heavily wounded.
You constrict the gnoll, but do no damage.
The gnoll barely misses you.
You tentacle-slap the gnoll.
You pierce the gnoll.
You kill the gnoll!
The gnoll barely misses you.
You barely miss the gnoll. You grab the gnoll.
You pierce the gnoll.
The gnoll is lightly wounded.
You constrict the gnoll. The gnoll hits you with a +3 whip!
The gnoll hits you from afar with a +0 spear.
You release your grip on the gnoll.
There is a stone staircase leading up here.
Your tentacle spike disappears.
The gnoll barely misses you. x2
You climb upwards.
There is a stone staircase leading down here.
You closely miss the gnoll. You grab the gnoll.
The gnoll is moderately wounded.
You constrict the gnoll, but do no damage.
The gnoll hits you with a +3 whip!
* * * LOW HITPOINT WARNING * * *
You release your grip on the gnoll.
It was a potion of curing.
You feel better. The gnoll hits you with a +3 whip!
* * * LOW HITPOINT WARNING * * *
You are too injured to fight recklessly!
You tentacle-slap the gnoll. You grab the gnoll.
The gnoll is heavily wounded.
You constrict the gnoll. The gnoll hits you with a +3 whip.
* * * LOW HITPOINT WARNING * * *
You tentacle-slap the gnoll.
The gnoll is almost dead.
You constrict the gnoll, but do no damage.
The gnoll hits you with a +3 whip.
You die...

#.##.# #.# #.##.# #.#
#.##.# #.# #.##.# #.#
#.##.# #.# ##.##.#
#.########## ......#
#..........#
##.###################.#
†..............g@...##.#
#########.##..#.##.....#
........#.##..#.##..####
#######.#.##..#.##..# #
#.#.....#.##..#
#######.#.....#.#...#
..†..##.#...#.#.###(#
####.##.#...#.#.....# #
#.##.#...#.#######


You could see a gnoll.

Vanquished Creatures
  2 gnolls (D:2)
  A worm (D:2)
  5 ball pythons
  3 bats
  An endoplasm (D:1)
  A goblin (D:1)
  5 hobgoblins
  A kobold (D:1)
  4 quokkas (D:1)
  A frilled lizard (D:1)
  6 rats
30 creatures vanquished.

Notes
Turn   | Place    | Note
-------+----------+-------------------------------------------
     0 | D:1      | spiderkeys the Octopode Transmuter began the quest for the
                  | Orb.
     0 | D:1      | Reached XP level 1. HP: 13/13 MP: 3/3
   280 | D:1      | Reached XP level 2. HP: 15/18 MP: 3/5
   384 | D:1      | Reached skill level 1 in Stealth
  1104 | D:1      | Reached XP level 3. HP: 23/23 MP: 4/6
  1692 | D:1      | Slain by a gnoll

Illustrated notes

Levels and vault maps discovered:
D:1:      scummos_arrival_forest, layout_basic
D:2:      layout_basic

Skill      XL: |  1  2 |
---------------+-------+-----
Stealth        | 1 |  1.8
Fighting       | |  1.6
Dodging        | |  2.3
Unarmed Combat | |  3.4
Spellcasting   | |  2.3
Transmutations | |  2.3

Action                   || total
-------------------------++-------
Melee: Unarmed           ||    75
       Constrict         ||    20
       Tentacles         ||    15
       Kick              ||    12
 Cast: Beastly Appendage ||    20
  Use: Potion            ||     1
 Stab: Sleeping          ||     3
Armor: Skin              ||     5
Dodge: Dodged            ||    52

Table legend: (Time is in decaauts)
 A = Elapsed time spent in this place.
 B = Non-inter-level travel time spent in this place.
 C = Inter-level travel time spent in this place.
 D = Time resting spent in this place.
 E = Time spent auto-exploring this place.
 F = Levels seen in this place.
 G = Mean time per level.
                   A        B        C        D        E       F      G
               +--------+--------+--------+--------+--------+-----+--------+
         Total |   1688 |   1676 |     12 |      0 |   1459 |   2 |  844.0 |
       Dungeon |   1688 |   1676 |     12 |      0 |   1459 |   2 |  844.0 |
               +--------+--------+--------+--------+--------+-----+--------+

Top non-repeatable levels by time:
     D:1: 1266 daAuts
     D:2: 421 daAuts
